 Dungeon Crawl Stone Soup version 0.26-a0-665-gefeb406119 (webtiles) character file.

Game seed: 5049673528084016945

9016 robertstho the Cleaver (level 11, 0/99 HPs)
             Began as a Deep Dwarf Fighter on Oct 14, 2020.
             Was a Believer of Makhleb.
             Slain by an unseen horror (4 damage)
             ... on level 12 of the Dungeon.
             The game lasted 00:17:07 (7984 turns).

robertstho the Cleaver (Deep Dwarf Fighter)         Turns: 7984, Time: 00:17:08

Health: 0/99       AC: 20    Str: 23    XL:     11   Next: 17%
Magic:  17/17 (8)  EV:  8    Int:  9    God:    Makhleb [**....]
Gold:   121        SH: 11    Dex: 12    Spells: 10/10 levels left

rFire    + . .     SeeInvis .   G - +0 falchion (vamp)
rCold    + . .     Faith    .   c - +0 kite shield
rNeg     . . .     Spirit   .   v - +3 chain mail {rPois}
rPois    +         Reflect  .   H - +0 helmet
rElec    .         Harm     .   E - scarf {rC+ rF+}
rCorr    .         Rampage  .   (no gloves)
MR       +....                  F - +0 pair of boots
Stlth    ..........             (no amulet)
HPRegen  0.00/turn              y - +4 ring of protection
MPRegen  0.15/turn              t - ring of magical power

@: non-regenerating
A: damage resistance, heal wounds, sense surroundings 2, no regeneration
a: Heal Wounds, Minor Destruction, Renounce Religion


You were on level 12 of the Dungeon.
You worshipped Makhleb.
Makhleb was pleased with you.
You visited 2 branches of the dungeon, and saw 11 of its levels.
You also visited: Sewer.

You collected 525 gold pieces.
You spent 404 gold pieces at shops.

Inventory:

Hand Weapons
 B - a +0 whip of electrocution
 G - a +0 vampiric falchion (weapon)
Missiles
 d - 32 poisoned darts (quivered)
 p - a throwing net
Armour
 c - a +0 kite shield (worn)
 v - a +3 chain mail of poison resistance (worn)
 E - a scarf of resistance (worn)
 F - a +0 pair of boots (worn)
 H - a +0 helmet (worn)
Jewellery
 b - an uncursed ring of positive energy
 t - a ring of magical power (right hand)
 y - a +4 ring of protection (left hand)
Wands
 u - a wand of iceblast (9)
 x - a wand of polymorph (10)
 I - a wand of flame (8)
Scrolls
 f - a scroll of enchant weapon {unknown}
 i - 5 scrolls of teleportation
 j - a scroll of remove curse
 l - 4 scrolls of identify
 m - 2 scrolls of enchant armour
 r - 2 scrolls of magic mapping {unknown}
 w - 2 scrolls of fear
 J - a scroll of blinking
 K - a scroll of acquirement {unknown}
Potions
 e - a potion of stabbing {unknown}
 g - 6 potions of curing
 h - 3 potions of lignification {unknown}
 k - 3 potions of flight {unknown}
 n - 5 potions of magic
 o - 10 potions of heal wounds
 q - a potion of ambrosia
 s - 4 potions of degeneration
 z - 2 potions of brilliance
 A - a potion of mutation {unknown}
 D - a potion of invisibility
Miscellaneous
 C - a lightning rod (2/4)


   Skills:
 * Level 6.9 Fighting
 * Level 6.0 Long Blades
   Level 11.1 Axes
 * Level 8.5 Armour
 + Level 3.6 Dodging
 + Level 0.8 Stealth
 + Level 7.3 Shields
 * Level 5.5 Invocations
 + Level 0.5 Evocations


You had 10 spell levels left.
You didn't know any spells.
Your spell library was empty.

Dungeon Overview and Level Annotations

Branches:
Dungeon (9/15)             Temple (1/1) D:4           Sewer (visited)
   Lair: D:8-11         Orc: D:9-12

Altars:
Ashenzari
Cheibriados
Dithmenos
Elyvilon
Fedhas
Gozag
Hepliaklqana
Kikubaaqudgha
Makhleb
Nemelex Xobeh
Okawaru
Qazlal
Ru
Sif Muna
Trog
Uskayaw
Wu Jian
Xom
Yredelemnul
Zin
The Shining One

Shops:
D:4 !=((*   D:8 [   D:9 [

Annotations:
D:4 Good potion shop
D:7 1 runed translucent door
D:9 792 boots


Innate Abilities, Weirdness & Mutations

You are resistant to damage.
You can heal yourself by infusing magical energy.
You passively map the area around you.
You do not regenerate.


Message History

* * * LOW HITPOINT WARNING * * *
You swing at nothing.
Something hits you but does no damage.
You closely miss something. Something hits you but does no damage.
You swing at nothing.
Something hits you but does no damage.
You miss something. Something hits you but does no damage.
You swing at nothing.
Something hits you but does no damage.
You hit something but do no damage. Something hits you but does no damage.
You swing at nothing.
Something hits you but does no damage.
You slash something!
You feel better. Something hits you but does no damage.
You swing at nothing.
Something completely misses you.
You swing at nothing.
You block something's attack.
You swing at nothing.
You block something's attack. Something hits you but does no damage.
You closely miss something. Something hits you but does no damage.
You closely miss something. Something hits you but does no damage.
You swing at nothing.
You block something's attack.
You swing at nothing.
Something hits you but does no damage.
You swing at nothing.
Something hits you but does no damage. Something hits you!
You die...

,, * * * * ,,**
##### , , * #...#
* ,, #.#.#.# ,
#.#.#.# * #.#.#.#
* , * ≈≈ #.#.#.# *
* ≈ ≈
*#.#.#.########.#
##.#.#.....@....#
≈
##..#.#..#########
#####.#...#..#
...≈..#.###..#
........# #..#
......### #..#
.......#, ...#
.##.####, #..#
.##.# , ##.#


There were no monsters in sight!

Vanquished Creatures
  Erolcha (D:12)
  A hydra (D:12)
  A two-headed ogre (D:12)
  Pikel (D:8)
  The ghost of jasper the Cruncher, a novice PaGl of Wu Jian (D:6)
  A cyclops (D:12)
  Maurice (D:8)
  A troll (D:12)
  A hornet (D:12)
  2 wyverns
  Grum (D:8)
  7 orc warriors
  An ice beast (D:12)
  2 sky beasts
  3 black bears
  An eye of draining (D:12)
  3 ogres
  2 wolves (D:8)
  A centaur (D:9)
  A lemure (D:8)
  3 bullfrogs
  A big kobold (Sewer)
  2 scorpions (D:8)
  5 killer bees (D:8)
  11 wights
  2 howler monkeys (D:6)
  3 hounds
  A jelly (D:5)
  2 bullfrog zombies
  3 orc priests
  A centaur zombie (D:8)
  3 centaur skeletons
  A bullfrog skeleton (D:8)
  An iron imp (D:4)
  2 iguanas
  11 orc wizards
  12 worker ants
  2 hound zombies
  A worker ant zombie (D:6)
  3 gnolls (D:8)
  10 adders
  2 river rats (Sewer)
  4 white imps
  An ufetubus (D:5)
  An adder skeleton (D:6)
  An adder zombie (D:6)
  3 worms
  2 dart slugs
  9 leopard geckos
  31 orcs
  8 giant cockroaches
  6 goblins
  19 jackals
  2 quokkas
  2 ball pythons
  8 bats
  2 frilled lizards
  A jackal skeleton (D:4)
  4 kobolds
  15 rats
234 creatures vanquished.

Notes
Turn   | Place    | Note
-------+----------+-------------------------------------------
     0 | D:1      | robertstho the Deep Dwarf Fighter began the quest for the
                  | Orb.
     0 | D:1      | Reached XP level 1. HP: 20/20 MP: 1/1
   137 | D:1      | Reached XP level 2. HP: 25/27 MP: 2/2
   321 | D:1      | Reached XP level 3. HP: 29/34 MP: 3/3
   695 | D:2      | Reached skill level 3 in Axes
   714 | D:2      | Found an iron altar of Okawaru.
   937 | D:2      | Reached XP level 4. HP: 28/42 MP: 4/4
  1264 | D:2      | Found a sacrificial altar of Ru.
  1349 | D:2      | Found a snail-covered altar of Cheibriados.
  1428 | D:3      | Reached skill level 1 in Dodging
  1429 | D:3      | Reached skill level 4 in Axes
  1429 | D:3      | Reached XP level 5. HP: 29/49 MP: 5/5
  1461 | D:3      | You fall into a shaft and drop 3 floors!
  1634 | D:6      | Found a runed translucent gate.
  1635 | D:6      | Found a runed translucent gate.
  1636 | D:6      | Found a runed translucent gate.
  1638 | D:6      | Noticed jasper's ghost (novice PaGl)
  1689 | D:6      | Noticed an ogre
  1694 | D:6      | Killed an ogre
  1694 | D:6      | Reached skill level 5 in Axes
  1694 | D:6      | Reached XP level 6. HP: 32/57 MP: 6/6
  1824 | D:6      | Found an ornate altar of the Wu Jian Council.
  1914 | D:6      | Reached skill level 6 in Axes
  1914 | D:6      | Reached XP level 7. HP: 52/63 MP: 7/7
  2140 | D:5      | Entered Level 5 of the Dungeon
  2235 | D:5      | Reached skill level 7 in Axes
  2314 | D:5      | Reached skill level 5 in Armour
  2363 | D:5      | Found an opulent altar of Gozag.
  2364 | D:5      | Found a sparkling altar of Nemelex Xobeh.
  2433 | D:5      | Found a glowing drain.
  2448 | Sewer    | Entered a sewer
  2544 | Sewer    | Found a white marble altar of Elyvilon.
  2681 | D:5      | Reached XP level 8. HP: 58/72 MP: 7/7
  3271 | D:4      | Reached skill level 8 in Axes
  3284 | D:4      | Found Qoggouzu's Weapon Boutique.
  3307 | D:4      | Found a staircase to the Ecumenical Temple.
  3466 | Temple   | Entered the Ecumenical Temple
  3639 | D:4      | Found Quczun's Jewellery Shoppe.
  3859 | D:4      | Found Wonoqyre's Assorted Antiques.
  3934 | D:4      | Found a snail-covered altar of Cheibriados.
  3988 | D:4      | Found Qugreomnob's Antique Weapon Boutique.
  4014 | D:4      | Found Dustraahu's Distillery.
  4017 | D:4      | Bought a potion of degeneration for 10 gold pieces
  4017 | D:4      | Bought a potion of heal wounds for 50 gold pieces
  4017 | D:4      | Bought a potion of berserk rage for 50 gold pieces
  4017 | D:4      | Bought a potion of curing for 30 gold pieces
  4017 | D:4      | Bought a potion of invisibility for 80 gold pieces
  4311 | D:3      | Found a shimmering blue altar of Sif Muna.
  5182 | D:6      | Killed jasper's ghost
  5182 | D:6      | Reached skill level 5 in Fighting
  5182 | D:6      | Reached skill level 9 in Axes
  5239 | D:7      | Found a burning altar of Makhleb.
  5277 | D:7      | Became a worshipper of Makhleb the Destroyer
  5299 | D:7      | Gained mutation: You passively map the area around you.
                  | [Deep Dwarf growth]
  5299 | D:7      | Reached XP level 9. HP: 53/81 MP: 5/5
  5420 | D:7      | Found a runed translucent door.
  5512 | D:7      | Reached skill level 5 in Shields
  5584 | D:7      | Found a basalt altar of Yredelemnul.
  5658 | D:7      | Reached skill level 10 in Axes
  5690 | D:7      | Reached skill level 1 in Invocations
  5875 | D:7      | Found a hazy altar of Hepliaklqana.
  5884 | D:7      | Found a bloodstained altar of Trog.
  6204 | D:8      | Reached * piety under Makhleb
  6216 | D:8      | Noticed Pikel
  6233 | D:8      | Killed Pikel
  6237 | D:8      | Reached skill level 11 in Axes
  6278 | D:8      | Found Iraeg's Antique Armour Boutique.
  6281 | D:8      | Bought a runed scarf for 184 gold pieces
  6318 | D:8      | Found a shadowy altar of Dithmenos.
  6556 | D:8      | Reached XP level 10. HP: 79/91 MP: 8/8
  6593 | D:8      | Noticed Maurice
  6646 | D:8      | Noticed Grum
  6652 | D:8      | Paralysed by something for 4 turns
  6680 | D:8      | Killed Maurice
  6680 | D:8      | Reached skill level 1 in Long Blades
  6695 | D:8      | Killed Grum
  7008 | D:9      | Found Noczobri's Armour Shoppe.
  7119 | D:9      | You fall into a shaft and drop 3 floors!
  7121 | D:12     | Found a sacrificial altar of Ru.
  7135 | D:12     | Noticed Erolcha
  7144 | D:12     | Killed Erolcha
  7363 | D:12     | Noticed a five-headed hydra
  7390 | D:12     | Killed a five-headed hydra
  7439 | D:12     | Reached skill level 5 in Long Blades
  7439 | D:12     | Reached skill level 5 in Invocations
  7537 | D:12     | Reached ** piety under Makhleb
  7589 | D:12     | Noticed a two-headed ogre
  7615 | D:12     | Killed a two-headed ogre
  7615 | D:12     | Reached XP level 11. HP: 53/99 MP: 5/8
  7968 | D:12     | HP: 1/99 [something (4)]
  7984 | D:12     | Slain by an unseen horror

Illustrated notes

Levels and vault maps discovered:
D:1:      sevenhm_arrival_forest_fort_large_4, layout_loops_ring
D:2:      layout_loops_ring, nicolae_overflow_hidden_temple, old_standard_altar,
          okawaru_ov_weapons_minmay
D:3:      layout_basic, lemuel_crystal_altar, dk_vineyard_3
D:4:      layout_basic, minmay_temple_entry_antechambers, serial_shops,
          shop_fountains, shop, shop_coins, shop, kennysheep_mini_moat,
          minivault_25, chei_slow_surprise
D:5:      layout_loops_corners, grunt_temple_overflow_opulence,
          gup_sewer_entry_pipe
D:6:      layout_basic, kennysheep_mini, gammafunk_ghost_necromancy
D:7:      layout_loops_corners, nicolae_overflow_crystal_walls, bloody_trog,
          overflow_temple_1_default, minivault_19,
          chequers_serial_rivers_micro_c, minmay_misc_feat_square,
          dk_yredelemnul_ordeal
D:8:      layout_cave_pools, serial_shops, nicolae_shop_crystal,
          grunt_dithmenos_smoke, uniq_pikel, uniq_maurice, uniq_grum
D:9:      layout_rooms, old_standard_altar, serial_shops, nicolae_shop_stone
D:12:     layout_basic, david_orc_5, basic_altar,
          hangedman_abyss_or_decor_stabs, nicolae_underground_beach,
          uniq_fannar, uniq_erolcha
Temple:   nicolae_temple_x_marks_the_god

Skill      XL: |  1  2  3  4  5  6  7  8  9 10 11 |
---------------+----------------------------------+-----
Fighting       | 3 4 5 6 |  6.9
Axes           | 3 4 5 6 7 9 11 | 11.1
Dodging        | 1 2 3 |  3.6
Armour         | 4 5 6 7 8 |  8.5
Shields        | 4 5 7 |  7.3
Invocations    | 3 5 |  5.5
Long Blades    | 5 6 |  6.0
Stealth        | |  0.8
Evocations     | |  0.5

Action                   |  1- 3 |  4- 6 |  7- 9 | 10-12 || total
-------------------------+-------+-------+-------+-------++-------
Melee: War axe           |   123 |    95 |   417 |       ||   635
       Falchion          |       |       |    97 |   635 ||   732
       Whip              |       |       |       |     8 ||     8
 Abil: Heal Wounds       |       |     2 |    10 |     7 ||    19
Evoke: Wand              |       |       |       |     4 ||     4
       Lightning rod     |       |       |       |     4 ||     4
  Use: Scroll            |       |       |    10 |       ||    10
       Potion            |       |       |     2 |     3 ||     5
 Stab: Invisible         |       |       |       |     3 ||     3
Armor: Scale mail        |    85 |    22 |       |       ||   107
       Chain mail        |       |    15 |   363 |   383 ||   761
Dodge: Dodged            |    46 |    29 |   181 |   152 ||   408
Block: Kite shield       |    69 |    56 |   333 |   341 ||   799
       Rpst.: Falchion   |       |       |    17 |    38 ||    55

Table legend: (Time is in decaauts)
 A = Elapsed time spent in this place.
 B = Non-inter-level travel time spent in this place.
 C = Inter-level travel time spent in this place.
 D = Time resting spent in this place.
 E = Time spent auto-exploring this place.
 F = Levels seen in this place.
 G = Mean time per level.
                   A        B        C        D        E       F      G
               +--------+--------+--------+--------+--------+-----+--------+
         Total |   8312 |   7683 |    629 |      0 |   5068 |  12 |  692.7 |
       Dungeon |   8087 |   7465 |    622 |      0 |   4903 |  10 |  808.7 |
        Temple |     55 |     48 |      7 |      0 |     48 |   1 |   55.0 |
         Sewer |    168 |    168 |      0 |      0 |    117 |   1 |  168.0 |
               +--------+--------+--------+--------+--------+-----+--------+

Top non-repeatable levels by time:
     D:5: 1044 daAuts
     D:4: 952 daAuts
    D:12: 927 daAuts
     D:7: 894 daAuts
     D:3: 849 daAuts
     D:6: 847 daAuts
     D:8: 836 daAuts
     D:2: 769 daAuts
     D:1: 718 daAuts
     D:9: 248 daAuts
   Sewer: 168 daAuts
  Temple: 55 daAuts
